 Dungeon Crawl Stone Soup version 0.23.2-1-ga50397a (webtiles) character file.

Game seed: 16817686767382384733

4515 xveg the Slinger (level 10, 0/66 HPs)
             Began as a Halfling Hunter on May 15, 2019.
             Was a Priest of Makhleb.
             Succumbed to Erica's bolt of poison
             ... on level 8 of the Dungeon.
             The game lasted 00:13:04 (6904 turns).

xveg the Slinger (Halfling Hunter)                  Turns: 6904, Time: 00:13:05

Health: 0/66       AC:  0    Str: 18 (21) XL:     10   Next: 66%
Magic:  10/10      EV: 18    Int:  7 (9)  God:    Makhleb [***...]
Gold:   477        SH:  0    Dex: 14 (16) Spells: 9/9 levels left

rFire    + . .     SeeInvis .   (weapon currently unavailable)
rCold    + . .     Gourm    .   (shield currently unavailable)
rNeg     . . .     Faith    .   (armour currently unavailable)
rPois    +         Spirit   .   (helmet currently unavailable)
rElec    +         Reflect  .   (cloak currently unavailable)
rCorr    +         Harm     .   (gloves currently unavailable)
MR       .....                  (boots currently unavailable)
Stlth    ++........             C - amulet of magic regeneration
HPRegen  0.21/turn              (ring currently unavailable)
MPRegen  0.37/turn              (ring currently unavailable)

@: mighty, lethally poisoned (0 -> -6), pig-form, resistant, flying, slowed
A: small, mutation resistance 1
a: Minor Destruction, Lesser Servant of Makhleb, Renounce Religion


You were on level 8 of the Dungeon.
You worshipped Makhleb.
Makhleb was most pleased with you.
You were not hungry.
You were a filthy swine.
You visited 2 branches of the dungeon, and saw 9 of its levels.

You collected 477 gold pieces.

Inventory:

Hand Weapons
 a - the +4 long sword "Killer Bee's Peril" (melded) {flame, Str+4}
   (You found it on level 7 of the Dungeon)

   It has been specially enchanted to burn those struck by it, causing extra
   injury to most foes and up to half again as much damage against particularly
   susceptible opponents.
   Big, fiery blades are also staple armaments of hydra-hunters.
   It affects your strength (+4).
 b - a +3 hunting sling
 j - a +2 whip of flaming
 x - a cursed +0 shortbow
 E - a +0 short sword
Missiles
 d - 13 sling bullets
 i - 180 stones (quivered)
 m - 37 bolts
 y - 52 arrows
Armour
 c - a +0 leather armour
 h - a +0 buckler (melded)
 n - a +0 pair of gloves (melded)
 q - a +0 chain mail (melded)
 D - a +0 pair of boots (melded)
Jewellery
 r - a ring of positive energy (melded)
 A - a cursed -2 ring of protection
 C - an amulet of magic regeneration (around neck)
 F - an uncursed ring of protection from magic {unknown}
Wands
 s - a wand of enslavement (7)
 t - a wand of paralysis (7)
 u - a wand of polymorph (6)
Scrolls
 e - 7 scrolls of identify
 g - 3 scrolls of teleportation
 k - 8 scrolls of remove curse
 l - a scroll of amnesia {unknown}
 o - 2 scrolls of fog
 v - a scroll of immolation {unknown}
Potions
 p - a potion of agility
 w - a potion of degeneration
 z - a potion of flight
 H - a potion of resistance
Comestibles
 f - 11 rations


   Skills:
 + Level 5.5 Fighting
 * Level 3.7 Long Blades
 + Level 12.9 Slings
 * Level 6.3 Armour
 * Level 6.7 Dodging
 - Level 2.0 Stealth
 * Level 5.5 Shields
 + Level 0.1 Evocations


You had 9 spell levels left.
You didn't know any spells.
Your spell library was empty.

Dungeon Overview and Level Annotations

Branches:
Dungeon (8/15)             Temple (1/1) D:5            Lair (0/6) D:8

Altars:
Ashenzari
Elyvilon
Fedhas
Gozag
Makhleb
Nemelex Xobeh
Okawaru
Qazlal
Ru
Vehumet
Wu Jian
Xom
Yredelemnul
Zin
The Shining One

Annotations:
D:5 3 runed translucent doors, Enish's ghost, novice FoCK


Innate Abilities, Weirdness & Mutations

You are small and have problems with some larger weapons.
You are somewhat resistant to further mutation.


Message History

* * * LOW HITPOINT WARNING * * *
You feel sick.
It was a potion of might.
You feel very mighty all of a sudden.
* * * LOW HITPOINT WARNING * * *
You feel sick.
You feel protected.
* * * LOW HITPOINT WARNING * * *
You feel sick.
Aiming: Polymorph
Press: ? - help, Shift-Dir - straight line, f - you You turn into a filthy swine.
The +4 long sword "Killer Bee's Peril" {flame, Str+4} melds into your body.
Your +0 pair of gloves melds into your body.
Your +0 pair of boots melds into your body.
Your +0 buckler melds into your body.
Your +0 chain mail melds into your body.
Your ring of positive energy melds into your body.
The +4 long sword "Killer Bee's Peril" {flame, Str+4} stops flaming.
You die...

..#. #...{..### ##...).##
!...##......# #......[# #
......?(....# ##.......###
...##...##### #....†......
........### ##....)......
..####....###########.....>......
#.>...(.(...................
#.######..######...P........ #.
##.)h# #.#....P..#.. .. ###.##
###.......#.. #.. #..#
##.....##.. ##. ##.### ##...####.
#...######.#####.
###....##..###... ####.......)..^
#########).. #...


There were no monsters in sight!

Vanquished Creatures
  Erica (D:8)
  Pikel (D:4)
  Prince Ribbit (D:8)
  Sigmund (D:5)
  2 wargs (D:8)
  A black bear (D:8)
  2 ice beasts (D:5)
  A sky beast (D:8)
  3 orc warriors
  A slave (D:4)
  A centaur (D:7)
  Blork the orc (D:4)
  A gnoll sergeant (D:7)
  2 bullfrogs
  A scorpion (D:4)
  6 killer bees
  A howler monkey (D:4)
  3 crimson imps
  A bullfrog zombie (D:5)
  3 centaur skeletons
  3 hounds
  2 jellies (D:8)
  A gnoll shaman (D:6)
  3 orc priests
  5 orc wizards
  An iguana (D:6)
  5 worker ants
  A worker ant zombie (D:5)
  17 gnolls
  13 adders
  A shadow imp (D:7)
  An ooze (D:2)
  An adder skeleton (D:4)
  5 worms
  4 dart slugs
  4 leopard geckos
  27 orcs
  A ball python (D:1)
  6 giant cockroaches
  9 goblins
  10 hobgoblins
  13 jackals
  3 quokkas
  8 bats
  6 frilled lizards
  A jackal skeleton (D:2)
  9 kobolds
  8 rats
202 creatures vanquished.

Vanquished Creatures (others)
  A slave (D:4)
  An adder (D:4)
  A giant cockroach (D:4)
3 creatures vanquished.

Grand Total: 205 creatures vanquished

Notes
Turn   | Place    | Note
-------+----------+-------------------------------------------
     0 | D:1      | xveg the Halfling Hunter began the quest for the Orb.
     0 | D:1      | Reached XP level 1. HP: 14/14 MP: 1/1
    31 | D:1      | Reached skill level 6 in Slings
   226 | D:1      | Reached XP level 2. HP: 19/19 MP: 2/2
   494 | D:1      | Reached XP level 3. HP: 24/24 MP: 3/3
   644 | D:2      | Reached skill level 7 in Slings
   644 | D:2      | Reached XP level 4. HP: 24/29 MP: 4/4
   652 | D:2      | Found a burning altar of Makhleb.
   743 | D:2      | Reached skill level 1 in Armour
   862 | D:2      | Reached XP level 5. HP: 34/34 MP: 5/5
   871 | D:2      | Reached skill level 8 in Slings
  1419 | D:2      | Became a worshipper of Makhleb the Destroyer
  1696 | D:3      | Found a faded altar of an unknown god.
  1700 | D:3      | Reached XP level 6. HP: 41/41 MP: 6/6
  1732 | D:3      | Reached skill level 9 in Slings
  2004 | D:3      | Reached * piety under Makhleb
  2004 | D:3      | Reached skill level 1 in Shields
  2650 | D:4      | Reached XP level 7. HP: 39/45 MP: 7/7
  2657 | D:4      | HP: 2/45 [gnoll/+0 spear (12)]
  2928 | D:4      | Noticed Pikel
  3006 | D:4      | Killed Pikel
  3006 | D:4      | Reached skill level 10 in Slings
  3006 | D:4      | Reached XP level 8. HP: 24/52 MP: 8/8
  3217 | D:4      | Noticed Blork the orc
  3222 | D:4      | Killed Blork the orc
  3641 | D:5      | Entered Level 5 of the Dungeon
  3705 | D:5      | Reached ** piety under Makhleb
  3777 | D:5      | Found a runed translucent gate.
  3777 | D:5      | Found a runed translucent gate.
  3778 | D:5      | Found a runed translucent gate.
  3956 | D:5      | Noticed Sigmund
  3965 | D:5      | Killed Sigmund
  3965 | D:5      | Reached skill level 11 in Slings
  4074 | D:5      | Found a staircase to the Ecumenical Temple.
  4098 | Temple   | Entered the Ecumenical Temple
  4298 | D:5      | Found an opulent altar of Gozag.
  4301 | D:5      | Noticed Enish's ghost (novice FoCK)
  4302 | D:5      | Noticed a manticore
  4352 | D:5      | Reached XP level 9. HP: 58/58 MP: 9/9
  4969 | D:6      | Reached skill level 5 in Dodging
  5118 | D:6      | Found a sparkling altar of Nemelex Xobeh.
  5189 | D:6      | Reached skill level 12 in Slings
  5545 | D:7      | Reached skill level 5 in Armour
  5938 | D:7      | Found a glowing golden altar of the Shining One.
  6076 | D:7      | Got a crude long sword
  6077 | D:7      | Identified the +4 long sword "Killer Bee's Peril" {flame,
                  | Str+4} (You found it on level 7 of the Dungeon)
  6152 | D:7      | Reached XP level 10. HP: 34/65 MP: 10/10
  6160 | D:7      | Reached skill level 5 in Fighting
  6361 | D:8      | Reached *** piety under Makhleb
  6395 | D:8      | Reached skill level 1 in Long Blades
  6515 | D:8      | Reached skill level 5 in Shields
  6545 | D:8      | Noticed Prince Ribbit
  6587 | D:8      | Killed Prince Ribbit
  6590 | D:8      | Found a staircase to the Lair.
  6738 | D:8      | Noticed Erica
  6755 | D:8      | HP: 3/66 [something (2)]
  6899 | D:8      | Killed Erica
  6902 | D:8      | HP: 3/66 [poisoned by Erica (bolt of poison)]
  6903 | D:8      | HP: 1/66 [poisoned by Erica (bolt of poison)]
  6904 | D:8      | Succumbed to Erica's bolt of poison

Skill      XL: |  1  2  3  4  5  6  7  8  9 10 |
---------------+-------------------------------+-----
Slings         | 6 7 8 9 10 11 12 | 12.9
Fighting       | 2 3 4 5 |  5.5
Armour         | 1 2 3 4 5 6 |  6.3
Shields        | 1 2 3 4 5 |  5.5
Dodging        | 4 6 |  6.7
Stealth        | 2 |  2.0
Long Blades    | 3 |  3.7
Evocations     | |  0.1

Action                   |  1- 3 |  4- 6 |  7- 9 | 10-12 || total
-------------------------+-------+-------+-------+-------++-------
Melee: Long sword        |       |       |     9 |    44 ||    53
 Fire: Hunting sling     |    45 |   273 |   323 |    84 ||   725
Evoke: Wand              |       |       |       |     2 ||     2
  Use: Potion            |       |       |     4 |     6 ||    10
       Scroll            |       |       |     9 |     1 ||    10
  Eat: Chunk             |       |     5 |     2 |       ||     7
       Ration            |       |       |     4 |       ||     4
Armor: Leather armour    |     1 |     7 |       |       ||     8
       Chain mail        |       |    24 |    71 |    26 ||   121
Dodge: Dodged            |     6 |    36 |    94 |    55 ||   191
Block: Buckler           |     1 |    14 |    43 |    30 ||    88
       Rpst.: Long sword |       |       |    18 |    15 ||    33
